Map: King's Cove LE

Players

Mez

  • Race: Terran Terran
  • League: Master
  • Spawn Location: 11:00

A.I. 1 (Very Easy) - Winner!

  • Race: Terran Terran
  • Spawn Location: 5:00

VOD

Have the link to the VOD?

Description

Time

  • Played on: Aug. 15, 2019, 7:46 a.m.
  • Length: 10:54
Show
View Real Time Build Order
Export as new Build Order

Mez Terran 

Build Orders: Reaper Expand, Mech 

Get SALT Encoding   

  12  0:00  SCV  
  13  0:13  SCV  
  14  0:18  Supply Depot  
  14  0:25  SCV  
  15  0:40  SCV, Barracks  
  16  0:46  Refinery  
  16  0:52  SCV  
  17  1:04  SCV  
  18  1:16  SCV  
  19  1:28  Orbital Command  
  19  1:30  Reaper  
  20  1:44  Command Center  
  20  1:53  Supply Depot  
  20  1:54  SCV  
  21  2:02  Marine  
  22  2:12  SCV  
  23  2:16  Factory  
  23  2:24  SCV  
  23  2:26  Barracks Reactor  
  24  2:36  SCV  
  25  2:46  Command Center  
  25  2:49  SCV  
  26  2:56  Refinery  
  26  3:01  Orbital Command  
  26  3:11  Hellion x2  
  30  3:13  SCV  
  30  3:16  Marine  
  32  3:25  SCV  
  33  3:30  SCV  
  38  3:34  Hellion x2  
  38  3:37  SCV  
  39  3:45  Factory  
  39  3:49  Factory  
  39  3:52  SCV  
  39  3:53  SCV  
  41  4:00  Orbital Command  
  41  4:06  SCV  
  41  4:07  SCV  
  43  4:11  Hellion  
  43  4:13  Hellion  
  47  4:18  SCV  
  47  4:19  SCV  
  49  4:30  SCV x2  
  51  4:31  SCV, Factory Tech Lab  
  51  4:33  Factory Tech Lab  
  51  4:38  Refinery  
  52  4:39  Refinery  
  52  4:43  Hellion x2  
  52  4:44  SCV, Supply Depot  
  57  4:45  Supply Depot  
  57  4:47  SCV  
  57  4:48  SCV  
  59  4:56  SCV  
  60  5:02  SCV  
  60  5:06  Cyclone x2, SCV  
  68  5:08  SCV, Infernal Pre-Igniter  
  68  5:10  Mag-Field Accelerator  
  69  5:16  SCV  
  69  5:18  SCV  
  69  5:20  SCV  
  72  5:23  Supply Depot  
  72  5:26  Supply Depot  
  72  5:28  SCV  
  72  5:29  Orbital Command  
  72  5:32  SCV  
  72  5:35  Hellion  
  76  5:40  SCV  
  77  5:44  Siege Tank, SCV, Hellion  
  77  5:48  Siege Tank  
  86  5:53  SCV  
  86  5:55  SCV  
  86  5:57  SCV, Supply Depot  
  89  6:00  Supply Depot  
  89  6:05  SCV  
  89  6:07  SCV  
  89  6:08  Armory  
  89  6:09  SCV, Armory  
  92  6:11  Refinery  
  92  6:12  Refinery  
  92  6:15  Engineering Bay  
  92  6:17  SCV  
  93  6:19  SCV  
  93  6:22  Cyclone x2  
  100  6:32  SCV x3  
  103  6:44  SCV x2  
  103  6:45  Hellion x2, SCV  
  110  6:51  Supply Depot  
  110  6:54  Cyclone, Supply Depot  
  110  6:55  Cyclone  
  110  6:56  SCV  
  117  7:02  Terran Vehicle And Ship Armor Level 1, Terran Vehicle Weapons Level 1  
  117  7:03  Factory  
  117  7:06  Factory  
  117  7:12  SCV x3  
  120  7:17  Supply Depot  
  120  7:18  Hellion, Supply Depot x2  
  120  7:19  Hellion  
  124  7:25  SCV x2  
  124  7:27  Cyclone x2  
  131  7:33  Missile Turret  
  131  7:34  Missile Turret  
  131  7:36  Missile Turret  
  131  7:42  Hellion x2  
  135  7:49  Supply Depot  
  135  7:51  SCV, Command Center, Factory Tech Lab  
  136  7:52  Factory Tech Lab  
  136  7:55  Factory Reactor  
  136  7:59  Cyclone  
  136  8:00  Cyclone  
  142  8:06  Widow Mine x2  
  146  8:14  Factory x2  
  146  8:15  Factory  
  146  8:22  Cyclone  
  149  8:32  Cyclone  
  152  8:37  Cyclone  
  152  8:38  Widow Mine x2  
  152  8:39  Widow Mine x2  
  163  8:59  Factory Tech Lab x3  
  163  9:03  Cyclone, Supply Depot  
  163  9:07  Supply Depot x2  
  163  9:09  Supply Depot  
  166  9:25  Planetary Fortress  
  166  9:32  Refinery  
  166  9:34  Refinery  
  166  9:39  Siege Tank x4  
  166  9:41  Hellion x2, Siege Tank  
  166  9:42  Siege Tank  
Show
View Real Time Build Order
Export as new Build Order

A.I. 1 (Very Easy) Terran - Winner!

Build Orders:  

Get SALT Encoding   

  12  0:00  SCV  
  13  0:13  SCV  
  14  0:19  Supply Depot  
  14  0:38  Refinery  
  14  0:43  Barracks  
  14  1:06  Supply Depot  
  14  1:14  Refinery  
  14  1:30  Marine  
  14  1:32  Orbital Command  
  15  1:58  SCV  
  16  2:04  Marine  
  17  2:10  SCV  
  18  2:22  SCV  
  19  2:34  SCV  
  20  2:39  Marine  
  21  2:46  SCV  
  22  2:58  SCV  
  23  5:55  SCV, Marine  
  25  5:59  Supply Depot  
  25  6:00  Factory  
  25  6:20  SCV  
  25  6:23  Supply Depot  
  26  6:28  Barracks Tech Lab  
  26  6:32  SCV  
  27  6:44  SCV  
  28  6:48  Starport  
  28  6:50  Marauder  
  30  6:56  SCV  
  26  7:08  SCV  
  26  7:17  Command Center  
  26  7:21  SCV  
  26  7:23  Marine  
  27  7:31  Starport Tech Lab  
  27  7:33  SCV  
  28  7:50  Raven  
  30  7:55  Marine  
  31  8:28  Marine  
  31  8:32  Raven  
  34  8:42  SCV  
  34  8:46  Refinery  
  35  8:49  SCV  
  35  8:50  Refinery  
  36  8:57  SCV  
  36  9:01  Marine  
  38  9:04  SCV  
  39  9:11  SCV  
  40  9:18  SCV  
  41  9:25  SCV  
  42  9:32  SCV  
  43  9:39  SCV  
  44  9:47  SCV  
  45  9:54  SCV  
  45  10:01  SCV  
  46  10:08  SCV  
  47  10:15  SCV  
  48  10:23  SCV  
  49  10:30  SCV  
Tags
 
Composition
Mech
League
Master
Matchup
TvT
Race
Terran
Spawn Locations
Cross Positions
Add a new tag
Caveats
  • Supply blocks, unpowered buildings, or Contaminate may cause inaccurate times.
  • Supply counts are checked every 10 seconds.